 Dungeon Crawl Stone Soup version 0.24.0-123-gd5b16e6ec5 (webtiles) character file.

Game seed: 178401178212639656, levelgen mode: deterministic

204 Curus the Chopper (level 5, -4/45 HPs)
             Began as a Hill Orc Abyssal Knight on Jan 14, 2020.
             Was a Believer of Lugonu.
             Slain by an ogre
             ... wielding a +0 giant spiked club
              (19 damage)
             ... on level 4 of the Dungeon.
             The game lasted 00:07:28 (3443 turns).

Curus the Chopper (Hill Orc Abyssal Knight)         Turns: 3443, Time: 00:07:29

Health: -4/45      AC:  5    Str: 15    XL:     5   Next: 82%
Magic:  9/9        EV: 10    Int: 12    God:    Lugonu [**....]
Gold:   124        SH:  0    Dex: 11    Spells: 4/4 levels left

rFire    . . .     SeeInvis .   a - +1 hand axe
rCold    . . .     Gourm    .   (no shield)
rNeg     . . .     Faith    .   f - +0 ring mail
rPois    .         Spirit   .   (no helmet)
rElec    .         Reflect  .   (no cloak)
rCorr    .         Harm     .   (no gloves)
MR       .....                  (no boots)
Stlth    +.........             (no amulet)
HPRegen  0.15/turn              h - ring of wizardry
MPRegen  0.11/turn              (no ring)

@: no status effects
A: no striking features
a: Depart the Abyss, Bend Space, Renounce Religion


You were on level 4 of the Dungeon.
You worshipped Lugonu.
Lugonu was pleased with you.
You were not hungry.

You visited 1 branch of the dungeon, and saw 4 of its levels.
You visited the Abyss 1 time.

You collected 124 gold pieces.

Inventory:

Hand Weapons
 a - a +1 hand axe (weapon)
Armour
 b - a +1 leather armour
 f - a +0 ring mail (worn)
Jewellery
 h - a ring of wizardry (left hand)
Wands
 g - a wand of iceblast (10)
Scrolls
 d - a scroll of remove curse
 e - 2 scrolls of identify
 i - a scroll of teleportation
Comestibles
 c - 6 rations


   Skills:
 - Level 3.6 Fighting
 + Level 5.8 Axes
 - Level 2.1 Armour
 - Level 0.7 Dodging
 + Level 5.6 Invocations


You had 4 spell levels left.
You didn't know any spells.
Your spell library was empty.

Dungeon Overview and Level Annotations

Branches:
Dungeon (4/15)
 Temple: D:4-7

Altars:
Kikubaaqudgha
Qazlal
Vehumet
Xom
Yredelemnul

Annotations:
D:3 2 transporters, Alannah's ghost, amateur DsGl


Message History

The hound is moderately wounded.
The hound closely misses you. The hound barely misses you.
You closely miss the hound.
The hound is moderately wounded.
The hound closely misses you.
You slash the hound!
The hound is severely wounded.
The hound completely misses you.
The hound stops to sniff the ground.
The hound bites you.
You hit the hound.
You kill the hound!
Lugonu accepts your kill. The ogre completely misses you.
You slash the ogre!
The ogre is moderately wounded.
You barely miss the ogre.
The ogre is moderately wounded.
The ogre hits you with a +0 giant spiked club!!
You die...

#.##.##...........#
#.##.##...........#
#. #.#######.##.#.#
#.##.#.# #.##.#.#
#.##.#.# #.
#.##.#.#
#....##.#.# # ##.#
#@#.#.### #...#
#O#.....#
.....##.....#.#
......#.#####
.._.........#
......#.###.#
.....##...#
#...##......#
##.##..........


You could see an ogre.

Vanquished Creatures
  A hound (D:4)
  A centaur skeleton (D:4)
  8 adders
  2 dart slugs
  2 leopard geckos
  2 orcs
  A ball python (D:2)
  A bat zombie (D:2)
  2 giant cockroaches
  6 goblins
  10 hobgoblins
  3 jackals (D:4)
  A quokka (D:3)
  6 bats
  3 frilled lizards
  6 kobolds
  10 rats
  2 rat zombies (D:2)
67 creatures vanquished.

Vanquished Creatures (others)
  A plant (D:1)
1 creature vanquished.

Grand Total: 68 creatures vanquished

Notes
Turn   | Place    | Note
-------+----------+-------------------------------------------
     0 | Abyss:1  | Curus the Hill Orc Abyssal Knight began the quest for the
                  | Orb.
     0 | Abyss:1  | Reached XP level 1. HP: 19/19 MP: 2/2
    46 | Abyss:1  | Noticed an ancient zyme
    51 | Abyss:1  | Noticed a sky beast
    52 | D:1      | Escaped the Abyss
   218 | D:1      | Reached XP level 2. HP: 26/26 MP: 4/4
   477 | D:1      | Reached * piety under Lugonu
   742 | D:1      | Found a shimmering altar of Xom.
   928 | D:2      | Reached XP level 3. HP: 31/31 MP: 5/5
  1111 | D:2      | Found a basalt altar of Yredelemnul.
  1368 | D:2      | Reached XP level 4. HP: 24/39 MP: 7/7
  1668 | D:2      | Found an ancient bone altar of Kikubaaqudgha.
  2494 | D:3      | Reached skill level 5 in Axes
  2494 | D:3      | Reached XP level 5. HP: 20/45 MP: 8/8
  2833 | D:3      | Reached skill level 5 in Invocations
  2994 | D:3      | Found a transporter.
  2999 | D:3      | Noticed Alannah's ghost (amateur DsGl)
  3078 | D:3      | Found a transporter.
  3215 | D:3      | Found a stormy altar of Qazlal.
  3417 | D:4      | Found a radiant altar of Vehumet.
  3420 | D:4      | Reached ** piety under Lugonu
  3422 | D:4      | Noticed an ogre
  3443 | D:4      | Slain by an ogre

Levels and vault maps discovered:
D:1:      dpeg_arrival_short_road, layout_loops_ring, serial_bayou,
          serial_bayou_pond_a, serial_bayou_ford_a, serial_bayou_pond_c,
          serial_bayou_lake_a, xom_teletrap_fun
D:2:      layout_loops_corners, lemuel_zombie_altar_kikubaaqudgha,
          lemuel_crystal_altar
D:3:      layout_basic, gammafunk_ghost_stat_death, first_ration,
          nicolae_qazlal_eye_of_the_storm
D:4:      layout_basic, lemuel_round_altar, solitary_fountain

Skill      XL: |  1  2  3  4  5 |
---------------+----------------+-----
Axes           | 3 4 5 |  5.8
Invocations    | 3 4 5 |  5.6
Fighting       | |  3.6
Armour         | |  2.1
Dodging        | |  0.7

Action                   |  1- 3 |  4- 6 || total
-------------------------+-------+-------++-------
Melee: Hand axe          |   101 |   136 ||   237
Invok: Depart the Abyss  |     1 |       ||     1
  Use: Scroll            |     3 |     3 ||     6
       Potion            |     1 |     2 ||     3
  Eat: Chunk             |     2 |     6 ||     8
Armor: Leather armour    |    29 |    24 ||    53
       Ring mail         |       |    11 ||    11
Dodge: Dodged            |    45 |    81 ||   126
